 Dungeon Crawl Stone Soup version 0.18.1-50-g88ac8fd (webtiles) character file.

44 Krapule the Covered (level 3, -3/26 HPs)
             Began as a Halfling Fighter on Oct 10, 2016.
             Slain by Crazy Yiuf
             ... wielding a +4 quarterstaff of chaos
              (4 damage)
             ... on level 2 of the Dungeon.
             The game lasted 00:02:51 (795 turns).

Krapule the Covered (Halfling Fighter)               Turns: 795, Time: 00:02:52

Health: -3/26      AC:  6    Str: 21    XL:     3   Next: 85%
Magic:  3/3        EV: 10    Int:  8    God:
Gold:   105        SH: 10    Dex: 13    Spells: 0 memorised, 2 levels left

rFire  . . .     SeeInvis .     a - +0 long sword
rCold  . . .     Gourm    .     b - +0 scale mail
rNeg   . . .     Faith    .     c - +0 shield
rPois  .         Spirit   .     (no helmet)
rElec  .         Dismiss  .     (no cloak)
rCorr  .         Reflect  .     (no gloves)
SustAt .         Harm     .     (no boots)
MR     .....                    (no amulet)
Stlth  ..........               (no ring)
                                (no ring)

@: mighty, not resistant to hostile enchantments, extremely unstealthy
A: mutation resistance 1
a: no special abilities


You were on level 2 of the Dungeon.
You were not hungry.

You visited 1 branch of the dungeon, and saw 2 of its levels.

You collected 105 gold pieces.

Inventory:

Hand Weapons
 a - a +0 long sword (weapon)
Armour
 b - a +0 scale mail (worn)
 c - a +0 shield (worn)
Scrolls
 e - a scroll of random uselessness {unknown}
 j - 3 scrolls of enchant weapon {unknown}
 k - 2 scrolls of identify {unknown}
 m - a scroll of remove curse {unknown}
 o - a scroll of immolation {unknown}
 p - a scroll of teleportation {unknown}
Potions
 d - 3 potions of might
 g - a potion of heal wounds {unknown}
 h - a potion of curing {unknown}
 n - 2 potions of cure mutation {unknown}
 q - 2 potions of flight {unknown}
Comestibles
 f - a bread ration
 i - 3 meat rations
 l - a beef jerky


   Skills:
 + Level 3.1 Fighting
 - Level 2.0 Long Blades
 + Level 3.5 Armour
 + Level 1.6 Dodging
 + Level 1.2 Stealth
 + Level 3.5 Shields


You had 2 spell levels left.
You didn't know any spells.

Dungeon Overview and Level Annotations

Branches:
Dungeon (2/15)

Altars:
Qazlal

Annotations:
D:2 Crazy Yiuf


Innate Abilities, Weirdness & Mutations

You are small and have problems with some larger weapons.
You are somewhat resistant to further mutation.


Message History

* * * LOW HITPOINT WARNING * * *
You suddenly lose the ability to move!
Crazy Yiuf barely misses you.
You can move again.
You hit Crazy Yiuf but do no damage.
Crazy Yiuf is moderately wounded.
Crazy Yiuf barely misses you.
You hit Crazy Yiuf.
Crazy Yiuf is moderately wounded.
Crazy Yiuf hits you with a quarterstaff of chaos.
* * * LOW HITPOINT WARNING * * *
x2 Drink which item? (? for menu, Esc to quit)
You feel very mighty all of a sudden.
Crazy Yiuf whimpers, "Nubble blue ragdoll!"
You block Crazy Yiuf's attack.
You slash Crazy Yiuf!
Crazy Yiuf is severely wounded.
Crazy Yiuf hits you but does no damage.
Crazy Yiuf hits you with a quarterstaff of chaos.
You die...

### .)# ####### ..# #.....# ..
#..<..# .# #.....# ♣♣. ###..##
♣g♣ #..## ♣♣@♣ ####..#### ♣.♣♣
#......... ♣♣.♣♣ #.........
♣...♣♣ ##......... ....#.#
♣.P.P♣ #.......... ..##.....#
#....# ##.†.......
#...#...#.###....####..........
...............................
................###............


You could see Crazy Yiuf.

Vanquished Creatures
  An adder (D:2)
  A dart slug (D:1)
  2 giant geckos (D:1)
  3 bats
  2 giant cockroaches
  3 goblins
  5 hobgoblins
  A ball python (D:1)
  2 giant newts (D:1)
  4 kobolds
  6 rats
30 creatures vanquished.

Notes
Turn   | Place    | Note
--------------------------------------------------------------
     0 | D:1      | Krapule the Halfling Fighter began the quest for the Orb.
     0 | D:1      | Reached XP level 1. HP: 15/15 MP: 1/1
    60 | D:1      | Reached XP level 2. HP: 12/20 MP: 2/2
   144 | D:1      | Reached skill level 1 in Dodging
   334 | D:1      | Reached skill level 1 in Stealth
   334 | D:1      | Reached XP level 3. HP: 23/25 MP: 3/3
   544 | D:2      | Found a stormy altar of Qazlal.
   780 | D:2      | Noticed Crazy Yiuf
   790 | D:2      | Paralysed by Crazy Yiuf for 2 turns
   793 | D:2      | HP: 1/26 [Crazy Yiuf/quarterstaff of chaos (1)]
   795 | D:2      | Slain by Crazy Yiuf

Skill      XL: |  1  2  3 |
---------------+----------+-----
Dodging        | 1 |  1.6
Stealth        | 1 |  1.2
Fighting       | 3 |  3.1
Long Blades    | |  2.0
Armour         | |  3.5
Shields        | |  3.5

Action                   || total
-------------------------++-------
Melee: Long sword        ||   119
  Use: Potion            ||     1
Armor: Scale mail        ||    56
Dodge: Dodged            ||    61
Block: Shield            ||    85
